 Dungeon Crawl Stone Soup version 0.27-a0-679-g77a6b55cf3 (webtiles) character file.

Game seed: 13597693327125284368

39 Dreamer the Insei (level 3, -3/23 HPs)
             Began as an Octopode Transmuter on Mar 19, 2021.
             Was an Initiate of Cheibriados.
             Slain by a gnoll
             ... wielding a +0 halberd
              (6 damage)
             ... on level 2 of the Dungeon.
             The game lasted 00:05:56 (1265 turns).

Dreamer the Insei (Octopode Transmuter)             Turns: 1265, Time: 00:05:56

Health: -3/23      AC:  1    Str: 10    XL:     3   Next: 45%
Magic:  6/6        EV: 17    Int: 15    God:    Cheibriados [......]
Gold:   116        SH:  0    Dex: 13    Spells: 5/6 levels left

rFire    + . .     SeeInvis .     - Unarmed
rCold    . . .     Faith    .   (no shield)
rNeg     . . .     Spirit   .   (helmet restricted)
rPois    .         Reflect  .   (no amulet)
rElec    .         Harm     .   b - ring of willpower
rCorr    .         Rampage  .   e - +4 ring of evasion
Will     ++...                  (no ring)
Stlth    +++.......             (no ring)
HPRegen  0.07/turn              (no ring)
MPRegen  0.10/turn              (no ring)
                                (no ring)
                                (no ring)

@: very slow
A: almost no armour, amphibious, 8 rings, camouflage 1, gelatinous body 1,
nimble swimmer 1, tentacles, dopey 1, fire resistance 1, strong-willed 1
a: Renounce Religion, Bend Time


You were on level 2 of the Dungeon.
You worshipped Cheibriados.
Cheibriados was noncommittal.
You visited 1 branch of the dungeon, and saw 2 of its levels.

You collected 116 gold pieces.

Inventory:

Jewellery
 b - a ring of willpower (left tentacle)
 e - a +4 ring of evasion (right tentacle)
Scrolls
 a - a scroll of identify {unknown}
 c - a scroll of teleportation {unknown}
 d - 3 scrolls of silence {unknown}


   Skills:
 - Level 1.0 Fighting
 - Level 2.0 Dodging
 + Level 2.3 Stealth
 * Level 4.0 Unarmed Combat
 - Level 2.0 Spellcasting
 - Level 2.0 Transmutations


You had 5 spell levels left.
You knew the following spells:

 Your Spells              Type           Power      Damage    Failure   Level
a - Beastly Appendage     Tmut           14%        N/A       10%         1

Your spell library contained the following spells:

 Spells                   Type           Power      Damage    Failure   Level
 Wereblood                Tmut           7%         N/A       14%         2
 Animate Skeleton         Necr           2%         N/A       22%         1
 Apportation              Tloc           2%         N/A       22%         1
 Corona                   Hex            1%         N/A       22%         1
 Summon Small Mammal      Summ           4%         N/A       22%         1
 Spider Form              Tmut/Pois      2%         N/A       41%         3
 Ice Form                 Ice/Tmut       4%         N/A       82%         4
 Blade Hands              Tmut           3%         N/A       95%         5


Dungeon Overview and Level Annotations

Branches:
Dungeon (2/15)

Altars:
Cheibriados
Xom


Innate Abilities, Weirdness & Mutations

You cannot wear most types of armour.
You are amphibious.
You can wear up to eight rings at the same time.
Your skin changes colour to match your surroundings (Stealth+).
Your rubbery body absorbs attacks. (AC +1, EV +1)
You are stealthy while swimming. (Stealth+)
You have tentacles for arms and can constrict up to eight enemies at once.
You are dopey. (Int -2)
Your flesh is heat resistant. (rF+)
You are strong-willed. (Will+)


Message History

You curl up in front of the altar of Cheibriados.
Cheibriados welcomes you!
Cheibriados begins to support your attributes as your movement slows.
You can now bend time to slow others.
There is a large open door here.
You see here a +0 cloak.
A gnoll comes into view.
One of your tentacles grows a vicious spike.
The gnoll shouts!
You hear a shout!
The gnoll hits you with a +0 halberd!
Ouch! That really hurt!
You hear a shout!
You tentacle-slap the gnoll. Your grab misses the gnoll.
The gnoll is moderately wounded.
The gnoll barely misses you.
You tentacle-slap the gnoll but do no damage.
You grab the gnoll.
You pierce the gnoll, but do no damage.
You squeeze the gnoll!
The gnoll is almost dead.
You constrict the gnoll. The gnoll hits you with a +0 halberd!
* * * LOW HITPOINT WARNING * * *
It was a potion of mutation.
You feel extremely strange.
You feel strong-willed.
You feel stupid.
You feel resistant to heat.
You constrict the gnoll.
You kill the gnoll!
Cheibriados appreciates the change of pace.
Your Unarmed Combat skill increases to level 4!
Okay, then.
c - a scroll labelled NIANUM SEGUENO You see here a +0 halberd.
You see here a +0 dagger.
Your transformation is almost over.
You see here a +0 robe.
Your tentacle spike disappears.
The gnoll closely misses you.
You see here a +0 cloak.
The gnoll closely misses you.
There is a stone staircase leading up here.
The gnoll hits you from afar with a +0 halberd.
You die...

....##.....'._⌠# #...#
##..#####.('._⌠# ##.#.#
#......####≈##############..#.#
######..#####......g....##.##.#
###....##..#######.....#.#
####.#..###..# #).##.#.#
#....#..####g######.###.#.#
###.####.....[.g...##.###.#..
#...###......@#......).##.#
##.###....÷....#.....#..#.. #.#
#.........#.#..###>... #.#
#...........##[# ###... #.#
#..........###.##### ... # #.#
#.........###......# ... # #.#
#..................#
#####.###.........##.......#
.......##.........###......#


You could see 2 gnolls.

Vanquished Creatures
  A gnoll (D:2)
  An ooze (D:1)
  A ball python (D:1)
  3 giant cockroaches
  3 goblins (D:1)
  6 hobgoblins (D:1)
  4 bats
  A kobold (D:1)
  3 rats (D:1)
23 creatures vanquished.

Notes
Turn   | Place    | Note
-------+----------+-------------------------------------------
     0 | D:1      | Dreamer the Octopode Transmuter began the quest for the
                  | Orb.
     0 | D:1      | Reached XP level 1. HP: 13/13 MP: 3/3
   261 | D:1      | Reached skill level 1 in Stealth
   274 | D:1      | Reached XP level 2. HP: 18/18 MP: 5/5
   741 | D:1      | Reached XP level 3. HP: 20/23 MP: 6/6
  1185 | D:2      | Found a snail-covered altar of Cheibriados.
  1185 | D:2      | Found a shimmering altar of Xom.
  1189 | D:2      | Became a worshipper of Cheibriados the Contemplative
  1245 | D:2      | HP: 1/23 [gnoll/+0 halberd (8)]
  1246 | D:2      | Gained mutation: You are strong-willed. (Will+) [potion of
                  | mutation]
  1246 | D:2      | Gained mutation: You are dopey. (Int -2) [potion of
                  | mutation]
  1246 | D:2      | Gained mutation: Your flesh is heat resistant. (rF+)
                  | [potion of mutation]
  1247 | D:2      | Reached skill level 4 in Unarmed Combat
  1265 | D:2      | Slain by a gnoll

Illustrated notes

Levels and vault maps discovered:
D:1:      lightli_arrival_statue_moat, layout_basic
D:2:      layout_rooms, gammafunk_temple_overflow_wave,
          minmay_misc_feat_four_crosses

Skill      XL: |  1  2  3 |
---------------+----------+-----
Stealth        | 1 2 |  2.3
Unarmed Combat | 4 |  4.0
Fighting       | |  1.0
Dodging        | |  2.0
Spellcasting   | |  2.0
Transmutations | |  2.0

Action                   || total
-------------------------++-------
Melee: Unarmed           ||    51
       Constrict         ||    14
       Tentacles         ||     7
       Kick              ||     1
 Cast: Beastly Appendage ||     4
  Use: Potion            ||     1
 Stab: Sleeping          ||     5
Armor: Skin              ||     5
Dodge: Dodged            ||    30

Table legend: (Time is in decaauts)
 A = Elapsed time spent in this place.
 B = Non-inter-level travel time spent in this place.
 C = Inter-level travel time spent in this place.
 D = Time resting spent in this place.
 E = Time spent auto-exploring this place.
 F = Levels seen in this place.
 G = Mean time per level.
                   A        B        C        D        E       F      G
               +--------+--------+--------+--------+--------+-----+--------+
         Total |   1278 |   1241 |     37 |      2 |    952 |   2 |  639.0 |
       Dungeon |   1278 |   1241 |     37 |      2 |    952 |   2 |  639.0 |
               +--------+--------+--------+--------+--------+-----+--------+

Top non-repeatable levels by time:
     D:1: 900 daAuts
     D:2: 378 daAuts
